 Dungeon Crawl Stone Soup version 0.23-a0-398-g8eab93f (webtiles) character file.

1313 Ijustatesigmund the Magician (level 8, -2/58 HPs)
             Began as a Gnoll Wizard on Nov 3, 2018.
             Was an Initiate of Cheibriados.
             Slain by an ogre
             ... wielding a +0 giant club
              (10 damage)
             ... on level 6 of the Dungeon.
             The game lasted 00:15:18 (8321 turns).

Ijustatesigmund the Magician (Gnoll Wizard)         Turns: 8321, Time: 00:15:19

Health: -2/58      AC: 12    Str: 11    XL:     8   Next: 58%
Magic:  2/19       EV: 13    Int: 22    God:    Cheibriados [......]
Gold:   293        SH:  0    Dex: 16    Spells: 16/22 levels left

rFire    . . .     SeeInvis .   e - +1 flail (protect)
rCold    . . .     Gourm    .   (no shield)
rNeg     . . .     Faith    .   a - +0 leather armour
rPois    .         Spirit   .   n - +0 helmet
rElec    .         Reflect  .   (no cloak)
rCorr    .         Harm     .   (no gloves)
MR       .....                  h - +0 pair of boots
Stlth    ++........             r - amulet of regeneration
HPRegen  0.59/turn              (no ring)
MPRegen  0.16/turn              (no ring)

@: protection aura, very slightly contaminated, hasted, heavily drained, very
quick
A: distributed training, fangs 1, strong nose
a: Bend Time, Renounce Religion


You were on level 6 of the Dungeon.
You worshipped Cheibriados.
Cheibriados was noncommittal.
You were very hungry.

You visited 2 branches of the dungeon, and saw 7 of its levels.

You collected 293 gold pieces.

Inventory:

Hand Weapons
 e - a +1 flail of protection (weapon)
Armour
 a - a +0 leather armour (worn)
 h - a +0 pair of boots (worn)
 n - a +0 helmet (worn)
Jewellery
 b - an uncursed ring of magical power
 f - a cursed ring of attention {unknown}
 r - an amulet of regeneration (around neck)
Wands
 i - a wand of flame (10)
 q - a wand of polymorph (2)
Scrolls
 o - 5 scrolls of amnesia
Potions
 c - a potion of flight
 g - 3 potions of curing
 j - a potion of brilliance
 k - a potion of lignification
 l - a potion of resistance
 p - a potion of magic {unknown}
 s - a potion of agility {unknown}
Comestibles
 d - 5 rations


   Skills:
 + Level 3.3(0.7) Fighting
 + Level 3.3(0.7) Short Blades
 + Level 3.3(0.7) Long Blades
 + Level 3.3(0.7) Axes
 + Level 3.3(0.7) Maces & Flails
 + Level 3.3(0.7) Polearms
 + Level 3.3(0.7) Staves
 + Level 3.3(0.7) Slings
 + Level 3.3(0.7) Bows
 + Level 3.3(0.7) Crossbows
 + Level 3.3(0.7) Throwing
 + Level 3.3(0.7) Armour
 + Level 5.7(2.9) Dodging
 + Level 5.4(2.6) Stealth
 + Level 3.3(0.7) Shields
 + Level 3.3(0.7) Unarmed Combat
 + Level 7.9(4.9) Spellcasting
 + Level 3.5(0.8) Conjurations
 + Level 2.7(0.1) Hexes
 + Level 2.7(0.1) Charms
 + Level 3.5(0.8) Summonings
 + Level 2.7(0.1) Necromancy
 + Level 3.5(0.8) Translocations
 + Level 2.7(0.1) Transmutations
 + Level 2.7(0.1) Fire Magic
 + Level 2.7(0.1) Ice Magic
 + Level 2.7(0.1) Air Magic
 + Level 2.7(0.1) Earth Magic
 + Level 2.7(0.1) Poison Magic
 + Level 3.6(1.0) Invocations
 + Level 3.3(0.7) Evocations


You had 16 spell levels left.
You knew the following spells:

 Your Spells              Type           Power        Failure   Level  Hunger
a - Magic Dart            Conj           #...         10%         1    None
b - Blink                 Tloc           N/A          14%         2    None
c - Mephitic Cloud        Conj/Pois/Air  #.......     34%         3    ##.....

Your spell library contained the following spells:

 Spells                   Type           Power        Failure   Level  Hunger
 Call Imp                 Summ           #.......     14%         2    None
 Slow                     Hex            #.......     19%         2    None
 Conjure Flame            Conj/Fire      #.......     32%         3    ##.....


Dungeon Overview and Level Annotations

Branches:
Dungeon (6/15)             Temple (1/1) D:6

Altars:
Ashenzari
Cheibriados
Dithmenos
Okawaru
Trog
Uskayaw
Zin
The Shining One

Annotations:
D:6 Sigmund


Innate Abilities, Weirdness & Mutations

Your experience applies equally to all skills.
You have very sharp teeth.
Your uncanny sense of smell can sniff out nearby items.


Message History

You barely miss the ogre.
The ogre is moderately wounded.
You hit the ogre.
Your weapon exudes an aura of protection.
The ogre is heavily wounded.
The ogre barely misses you. Sigmund says, "I'm your fate."
Sigmund closely misses you.
You hit the ogre.
The ogre is heavily wounded.
The ogre closely misses you.
You barely miss the ogre.
The ogre is heavily wounded.
Sigmund mumbles some strange words.
Sigmund flickers and vanishes!
Deactivating autopickup; reactivate with Ctrl-A.
You hit the ogre but do no damage. You bite the ogre, but do no damage.
The ogre is heavily wounded.
The ogre hits you with a +0 giant club!
You die... .# ##.....# #.##...###.###. .# #....### #.##..###...### .# ##..## #......##._.... .### ♣PPP♣

#..##.......#.. ...#
♣.PP♣♣
#..##.....###.. ####
♣♣.♣♣ ###
#..###....####. .♣
#..###..###.#.......
♣♣
#...##..............
#..@O#####.####...##
#...{..)..#.........
#....#####.#########
#...## #.# # #..##
#.######### ∆ #.#
#.#..)...... #.
##.########. #. #z
#. #. #.


You could see an ogre.

Vanquished Creatures
  A water moccasin (D:6)
  An ice beast (D:5)
  A phantom (D:4)
  2 ogres (D:5)
  2 scorpions
  2 howler monkeys (D:4)
  3 wights
  2 orc priests (D:5)
  A hound (D:6)
  2 iguanas (D:6)
  4 orc wizards (D:5)
  2 worker ants
  Robin (D:4)
  3 gnolls (D:3)
  11 adders
  2 oozes
  An adder skeleton (D:3)
  An adder zombie (D:5)
  2 worms (D:2)
  A dart slug (D:2)
  4 leopard geckos
  13 orcs
  3 giant cockroaches (D:1)
  15 goblins
  10 hobgoblins
  3 jackals (D:5)
  2 kobolds (D:1)
  3 quokkas
  3 ball pythons (D:4)
  4 bats
  4 frilled lizards
  A quokka skeleton (D:4)
  8 rats
118 creatures vanquished.

Notes
Turn   | Place    | Note
-------+----------+-------------------------------------------
     0 | D:1      | Ijustatesigmund the Gnoll Wizard began the quest for the
                  | Orb.
     0 | D:1      | Reached XP level 1. HP: 13/13 MP: 8/8
   313 | D:1      | Reached XP level 2. HP: 19/19 MP: 3/10
  1189 | D:2      | Reached XP level 3. HP: 25/25 MP: 7/11
  1217 | D:2      | Reached skill level 1 in Invocations
  1417 | D:2      | Reached skill level 1 in Fighting
  1417 | D:2      | Reached skill level 1 in Short Blades
  1417 | D:2      | Reached skill level 1 in Long Blades
  1417 | D:2      | Reached skill level 1 in Axes
  1417 | D:2      | Reached skill level 1 in Maces & Flails
  1417 | D:2      | Reached skill level 1 in Polearms
  1417 | D:2      | Reached skill level 1 in Staves
  1417 | D:2      | Reached skill level 1 in Slings
  1417 | D:2      | Reached skill level 1 in Bows
  1417 | D:2      | Reached skill level 1 in Crossbows
  1417 | D:2      | Reached skill level 1 in Throwing
  1417 | D:2      | Reached skill level 1 in Armour
  1417 | D:2      | Reached skill level 1 in Shields
  1417 | D:2      | Reached skill level 1 in Unarmed Combat
  1417 | D:2      | Reached skill level 1 in Evocations
  1916 | D:2      | Reached XP level 4. HP: 32/32 MP: 8/13
  2220 | D:3      | Learned a level 2 spell: Blink
  2648 | D:3      | Reached skill level 1 in Hexes
  2648 | D:3      | Reached skill level 1 in Charms
  2648 | D:3      | Reached skill level 1 in Necromancy
  2648 | D:3      | Reached skill level 1 in Transmutations
  2648 | D:3      | Reached skill level 1 in Fire Magic
  2648 | D:3      | Reached skill level 1 in Ice Magic
  2648 | D:3      | Reached skill level 1 in Air Magic
  2648 | D:3      | Reached skill level 1 in Earth Magic
  2648 | D:3      | Reached skill level 1 in Poison Magic
  2950 | D:3      | Reached XP level 5. HP: 36/37 MP: 7/14
  3964 | D:4      | Noticed Robin
  3981 | D:4      | Killed Robin
  4146 | D:4      | Noticed a phantom
  4190 | D:4      | Killed a phantom
  4190 | D:4      | Reached XP level 6. HP: 25/44 MP: 3/16
  4198 | D:4      | Reached skill level 5 in Dodging
  5187 | D:4      | Learned a level 3 spell: Mephitic Cloud
  5218 | D:5      | Entered Level 5 of the Dungeon
  5341 | D:5      | Reached XP level 7. HP: 32/50 MP: 7/18
  5738 | D:5      | Reached skill level 5 in Stealth
  5810 | D:5      | Reached XP level 8. HP: 57/57 MP: 8/19
  6624 | D:6      | Found a shadowy altar of Dithmenos.
  6863 | D:6      | Found a bloodstained altar of Trog.
  7120 | D:6      | Found a staircase to the Ecumenical Temple.
  7128 | Temple   | Entered the Ecumenical Temple
  7401 | Temple   | Became a worshipper of Cheibriados the Contemplative
  8298 | D:6      | Noticed Sigmund
  8321 | D:6      | Slain by an ogre

Vault maps used:
D:1:      lemuel_arrival_funnel
D:4:      grunt_ministairs_1, corner_web_ring, minmay_misc_feat_square,
          uniq_robin
D:5:      first_ration
D:6:      minmay_temple_entry_statues_fountains, basic_altar, serial_rivers,
          chequers_serial_rivers_micro_b, chequers_serial_rivers_micro_e,
          chequers_serial_rivers_micro_b, chequers_serial_rivers_micro_a,
          chequers_serial_rivers_micro_b, trog_three_pillars_becter,
          uniq_crazy_yiuf_cottage, uniq_sigmund
Temple:   compressed_dpeg_circular_temple

Skill      XL: |  1  2  3  4  5  6  7  8 |
---------------+-------------------------+-----
Conjurations   | 2 3 |  3.5
Summonings     | 2 3 |  3.5
Translocations | 2 3 |  3.5
Invocations    | 1 2 3 |  3.6
Fighting       | 1 2 3 |  3.3
Short Blades   | 1 2 3 |  3.3
Long Blades    | 1 2 3 |  3.3
Axes           | 1 2 3 |  3.3
Maces & Flails | 1 2 3 |  3.3
Polearms       | 1 2 3 |  3.3
Staves         | 1 2 3 |  3.3
Slings         | 1 2 3 |  3.3
Bows           | 1 2 3 |  3.3
Crossbows      | 1 2 3 |  3.3
Throwing       | 1 2 3 |  3.3
Armour         | 1 2 3 |  3.3
Shields        | 1 2 3 |  3.3
Unarmed Combat | 1 2 3 |  3.3
Evocations     | 1 2 3 |  3.3
Hexes          | 1 2 |  2.7
Charms         | 1 2 |  2.7
Necromancy     | 1 2 |  2.7
Transmutations | 1 2 |  2.7
Fire Magic     | 1 2 |  2.7
Ice Magic      | 1 2 |  2.7
Air Magic      | 1 2 |  2.7
Earth Magic    | 1 2 |  2.7
Poison Magic   | 1 2 |  2.7
Dodging        | 5 |  5.7
Stealth        | 5 |  5.4
Spellcasting   | |  7.9

Action                   |  1- 3 |  4- 6 |  7- 9 || total
-------------------------+-------+-------+-------++-------
Melee: Short sword       |    12 |    78 |    55 ||   145
       Bite              |     1 |     8 |     8 ||    17
       Punch             |       |       |     2 ||     2
       Flail             |       |       |    30 ||    30
 Cast: Magic Dart        |    71 |   150 |   154 ||   375
       Blink             |       |     1 |    10 ||    11
       Mephitic Cloud    |       |       |     4 ||     4
Evoke: Wand              |       |       |     5 ||     5
  Use: Scroll            |     4 |     5 |     3 ||    12
       Potion            |       |     1 |     2 ||     3
 Stab: Sleeping          |       |     2 |       ||     2
       Invisible         |       |       |     4 ||     4
  Eat: Chunk             |     2 |     7 |     6 ||    15
       Ration            |       |     1 |     1 ||     2
Armor: Leather armour    |     3 |    22 |    27 ||    52
Dodge: Dodged            |    21 |    53 |   135 ||   209

Table legend:
 A = Non-vault XP
 B = Vault XP
 C = Vault XP percentage of total XP
 D = Non-vault monster count
 E = Vault monster count
 F = Vault count percentage of total count
                 A         B        C        D         E       F
            +---------+---------+-------+---------+---------+-------
      Total |    1784 |      93 |   5.0 |     105 |      13 |  11.0
            +---------+---------+-------+---------+---------+-------
        D:1 |      32 |       0 |   0.0 |      15 |       0 |   0.0
        D:2 |      56 |       0 |   0.0 |      16 |       0 |   0.0
        D:3 |     152 |       0 |   0.0 |      26 |       0 |   0.0
        D:4 |     320 |      93 |  22.5 |      12 |      13 |  52.0
        D:5 |     758 |       0 |   0.0 |      24 |       0 |   0.0
        D:6 |     407 |       0 |   0.0 |      11 |       0 |   0.0
     Temple |      59 |       0 |   0.0 |       1 |       0 |   0.0
            +---------+---------+-------+---------+---------+-------
